[Event "Titled Tuesday Blitz April 19 Early 2022"]
[White "Al-Tarboush, Ward"]
[Black "Todorovic, Bojan"]
[WhiteFideId "7601450"]
[BlackFideId "917087"]
[WhiteElo "2276"]
[BlackElo "2266"]
[Result "0-1"]
[Round "10"]
[TimeControl "180+1"]
[Date "2022.04.19"]
[WhiteClock "0:00:54"]
[BlackClock "0:00:05"]

1. e4 e5 2. Nf3 Nc6 3. Bb5 Nf6 4. O-O Nxe4 5. d4 Nd6 6. Bxc6 dxc6 7. dxe5 Nf5 8. Qxd8+ Kxd8 9. Nc3 Ke8 10. b3 Bb4 11. Bb2 Bxc3 12. Bxc3 Be6 13. Rad1 c5 14. Ng5 Ke7 15. g4 Nh4 16. h3 h5 17. f4 hxg4 18. Nxe6 fxe6 19. hxg4 Raf8 20. b4 g5 21. bxc5 c6 22. Rb1 Rb8 23. f5 exf5 24. gxf5 Rhf8 25. f6+ Ke6 26. Rfd1 Nf5 27. Kf2 Rh8 28. Rh1 Rh4 29. Rxh4 gxh4 30. Rg1 b5 31. cxb6 axb6 32. a4 Ra8 33. Rg4 c5 34. Kf3 Rd8 35. Rf4 Rd1 36. f7 Rf1+ 37. Kg4 Nh6+ 38. Kg5 Rxf4 39. Kxf4 Nxf7 40. Bb2 h3 41. Kg3 Nxe5 42. Kxh3 Nc4 43. Bc1 Kd5 44. Bg5 Kd4 45. Bf6+ Ke3 46. Kg4 Kd2 47. c3 Nb2 48. a5 bxa5 49. Be7 Nd3 50. Kf3 Kxc3 51. Ke2 c4 52. Kd1 Kb3 53. Kd2 a4 54. Bf6 a3 55. Bg7 a2 56. Bh8 Nb4 57. Kc1 Nc2 0-1


[Site "https://www.chess.com"]

[Event "Titled Tuesday Blitz April 19 Early 2022"]
[White "Ambartsumova, Karina"]
[Black "Chernomordik, Pavel"]
[WhiteFideId "4166299"]
[BlackFideId "2804530"]
[WhiteElo "2262"]
[BlackElo "2220"]
[Result "1-0"]
[Round "10"]
[TimeControl "180+1"]
[Date "2022.04.19"]
[WhiteClock "0:00:30"]
[BlackClock "0:00:02"]

1. d4 g6 2. Nf3 Bg7 3. g3 d6 4. Bg2 Nf6 5. c4 O-O 6. Nc3 c6 7. e4 Nfd7 8. O-O a6 9. a4 a5 10. Bg5 Na6 11. Qd2 Nb4 12. Rad1 b6 13. Rfe1 Ba6 14. b3 Re8 15. e5 dxe5 16. dxe5 Nc5 17. Qxd8 Raxd8 18. Rxd8 Rxd8 19. Bxe7 Rd3 20. Bxc5 bxc5 21. Re3 Rxe3 22. fxe3 Nc2 23. Kf2 Bh6 24. Nd1 Bc8 25. Ke2 Na1 26. Nd2 Bg7 27. Bxc6 Bxe5 28. Kd3 Bg4 29. Bf3 Bf5+ 30. e4 Bh3 31. Ne3 Kf8 32. Nc2 Ke7 33. Nxa1 Bxa1 34. Nb1 Ke6 35. Na3 Ke5 36. Nc2 Bd4 37. Nxd4 cxd4 38. c5 Be6 39. Bd1 f5 40. exf5 gxf5 41. c6 Bc8 42. Kc4 Ba6+ 43. Kc5 d3 44. c7 d2 45. b4 axb4 46. Kxb4 Kd4 47. Ka5 Bc8 48. Kb6 Kc3 49. a5 Kb2 50. a6 Kc1 51. Bf3 d1=Q 52. Bxd1 1-0


[Site "https://www.chess.com"]

[Event "Titled Tuesday Blitz April 19 Early 2022"]
[White "Aradhya, Garg"]
[Black "Costachi, Mihnea"]
[WhiteFideId "25006746"]
[BlackFideId "1217518"]
[WhiteElo "2169"]
[BlackElo "2476"]
[Result "1-0"]
[Round "10"]
[TimeControl "180+1"]
[Date "2022.04.19"]
[WhiteClock "0:02:27"]
[BlackClock "0:02:35"]

1. d4 Nf6 2. c4 c6 3. Nf3 d5 4. g3 g6 5. Bg2 Bg7 6. O-O O-O 7. Nbd2 Ne4 8. b3 Bf5 9. Bb2 Nxd2 10. Qxd2 Be4 11. Rfd1 e6 12. Rac1 Nd7 13. Bf1 Bxf3 14. exf3 a5 15. h4 a4 16. Bc3 axb3 17. axb3 Qb6 18. c5 Qc7 19. f4 Nf6 20. f3 Ra3 21. Ra1 Rfa8 22. Rxa3 Rxa3 23. Ra1 Ra8 24. Rxa8+ Qc8 25. Rxc8+ 1-0


[Site "https://www.chess.com"]

[Event "Titled Tuesday Blitz April 19 Early 2022"]
[White "Aroesti, Roee"]
[Black "Shandrygin, Nikita"]
[WhiteFideId "2817144"]
[BlackFideId "24198668"]
[WhiteElo "2068"]
[BlackElo "2323"]
[Result "0-1"]
[Round "10"]
[TimeControl "180+1"]
[Date "2022.04.19"]
[WhiteClock "0:00:01"]
[BlackClock "0:00:40"]

1. e4 c5 2. Nf3 e6 3. b3 b6 4. Bb2 Bb7 5. Nc3 Nc6 6. d4 cxd4 7. Nxd4 Nf6 8. Nxc6 Bxc6 9. Bd3 d5 10. Qe2 d4 11. Bb5 Rc8 12. Bxc6+ Rxc6 13. Nb5 Bb4+ 14. Kf1 Qd7 15. Nxd4 Bc3 16. Nxc6 Bxb2 17. Rb1 Qxc6 18. Rxb2 Nxe4 19. f3 Nc3 20. Qc4 Qxc4+ 21. bxc4 Na4 22. Rb3 Nc5 23. Ra3 a5 24. Ke2 Kd7 25. h4 Kc6 26. h5 e5 27. Rh4 Rd8 28. Re3 f6 29. f4 e4 30. Rg4 Rd7 31. f5 h6 32. Reg3 Rd4 33. Rxg7 Rxc4 34. R3g6 Rxc2+ 35. Kd1 Rxa2 36. Rxf6+ Kd5 37. Rxb6 e3 38. Re7 Rd2+ 39. Ke1 Nd3+ 40. Kf1 Rf2+ 41. Kg1 e2 42. Rbe6 Rf1+ 43. Kh2 e1=Q 44. Rxe1 Nxe1 45. Ra7 Rxf5 46. Rxa5+ Ke4 47. Ra4+ Ke5 48. Ra5+ Kf4 49. g3+ Kg5 50. Ra1 Nf3+ 51. Kh3 Ne5 52. Ra6 Kxh5 53. Ra5 Kg5 54. Rb5 Ng4 0-1


[Site "https://www.chess.com"]

[Event "Titled Tuesday Blitz April 19 Early 2022"]
[White "Avazkhonov, Alikhon"]
[Black "Sharafiev, Azat"]
[WhiteFideId "14208504"]
[BlackFideId "4186214"]
[WhiteElo "1739"]
[BlackElo "2299"]
[Result "0-1"]
[Round "10"]
[TimeControl "180+1"]
[Date "2022.04.19"]
[WhiteClock "0:00:01"]
[BlackClock "0:00:17"]

1. e4 c6 2. Nc3 d5 3. Nf3 dxe4 4. Nxe4 Nf6 5. Qe2 Nxe4 6. Qxe4 Qd5 7. Qf4 Qf5 8. Qe3 Qxc2 9. Bd3 Qa4 10. b3 Qa5 11. Ne5 Nd7 12. Bb2 Nxe5 13. Bxe5 f6 14. Bc3 Qb6 15. Bd4 Qc7 16. O-O e6 17. Bc4 Qd6 18. Rfe1 Bd7 19. Rac1 Be7 20. Bxe6 Bxe6 21. Bc5 Qe5 22. Qf3 Qb2 23. Rb1 Qxa2 24. Bxe7 Kxe7 25. Qe4 Rhe8 26. Qxe6+ Kf8 27. Qd6+ Kg8 28. Qd4 Rxe1+ 29. Rxe1 Qxb3 30. h4 Qf7 31. Qg4 Re8 32. Ra1 a6 33. h5 h6 34. Ra5 Re5 35. Rxe5 fxe5 36. Qc8+ Kh7 37. g4 a5 38. Kg2 a4 39. Qa8 Qf4 40. Qe8 Qxg4+ 41. Kf1 a3 42. Qxe5 Qd1+ 43. Kg2 Qg4+ 44. Kf1 a2 45. f4 Qd1+ 46. Kg2 Qxd2+ 47. Kg3 Qd3+ 48. Kg4 Qb1 49. f5 a1=Q 0-1


[Site "https://www.chess.com"]

[Event "Titled Tuesday Blitz April 19 Early 2022"]
[White "Baches Garcia, Guillermo"]
[Black "Goryachkina, Aleksandra"]
[WhiteFideId "2209764"]
[BlackFideId "4147103"]
[WhiteElo "2501"]
[BlackElo "2426"]
[Result "1/2-1/2"]
[Round "10"]
[TimeControl "180+1"]
[Date "2022.04.19"]
[WhiteClock "0:00:29"]
[BlackClock "0:00:15"]

1. e4 e6 2. d4 d5 3. exd5 exd5 4. Nf3 Nc6 5. Bb5 Bd6 6. c4 dxc4 7. d5 a6 8. Ba4 b5 9. dxc6 bxa4 10. Qxa4 Ne7 11. O-O O-O 12. Nbd2 Rb8 13. a3 c3 14. bxc3 Be6 15. Nc4 Bd5 16. Nxd6 Qxd6 17. Bf4 Qg6 18. Bg3 Bxf3 19. gxf3 Rb6 20. Rfe1 Nf5 21. Rad1 Rxc6 22. Qb4 Nd6 23. Re7 Qc2 24. Rd5 Qxc3 25. Qxc3 Rxc3 26. Bxd6 cxd6 27. Rxd6 Rxa3 28. Kg2 g6 29. Ra7 Ra5 30. Rdxa6 Rg5+ 31. Kf1 Kg7 32. Ra8 Rxa8 33. Rxa8 Re5 34. Ra4 h5 35. h4 Kf6 36. Kg2 Kf5 37. Kg3 f6 38. f4 Rc5 39. Rb4 Rc3+ 40. f3 Rc5 41. Ra4 Rd5 42. Rb4 Rc5 43. Ra4 Rd5 44. Rb4 Rc5 1/2-1/2


[Site "https://www.chess.com"]

[Event "Titled Tuesday Blitz April 19 Early 2022"]
[White "Bachmann, Axel"]
[Black "Meekins, Kristopher C"]
[WhiteFideId "3700488"]
[BlackFideId "2005964"]
[WhiteElo "2587"]
[BlackElo "2316"]
[Result "1-0"]
[Round "10"]
[TimeControl "180+1"]
[Date "2022.04.19"]
[WhiteClock "0:00:06"]
[BlackClock "0:00:01"]

1. d4 Nf6 2. g3 e6 3. c4 d5 4. Nf3 dxc4 5. Bg2 b5 6. O-O Bb7 7. b3 cxb3 8. Qxb3 a6 9. Nc3 Nbd7 10. Bf4 Nd5 11. Nxd5 Bxd5 12. Qc2 Bd6 13. e4 Bb7 14. e5 Be7 15. Rac1 c5 16. dxc5 Nxc5 17. Rfd1 Bd5 18. Ng5 Bxg5 19. Bxg5 Qxg5 20. Qxc5 Bxg2 21. Kxg2 Rd8 22. Qc6+ Kf8 23. Qc5+ Kg8 24. Qc7 Rxd1 25. Rxd1 h5 26. h4 Qf5 27. Rd4 Kh7 28. Rf4 Qg6 29. Rxf7 Rc8 30. Qe7 Rc2 31. Rf4 Qd3 32. Qxe6 Qg6 33. Qd5 Re2 34. Qd6 Qxd6 35. exd6 Rd2 36. Rf5 g6 37. Rf7+ Kg8 38. Rf6 Kg7 39. Re6 Kf7 40. Re7+ Kf6 41. Rd7 Ke6 42. Rd8 Rxd6 43. Rf8 Kd5 44. Rf3 a5 45. Rb3 Kc5 46. Kf3 b4 47. Ke4 a4 48. Rb1 Kc4 49. Rc1+ Kb5 50. Rc8 b3 51. Rb8+ Kc4 52. axb3+ axb3 53. Rc8+ Kb4 54. Ke5 Rd2 55. Ke4 Rxf2 56. Ke3 Rg2 57. Kf3 Rc2 58. Rb8+ Kc3 59. Rc8+ Kd2 60. Rd8+ Kc1 61. Rd6 b2 62. Rxg6 b1=Q 63. Kf4 Qb4+ 64. Kg5 Rc5+ 65. Kh6 Qe4 66. Rg5 Rxg5 67. hxg5 Qg4 68. g6 Qxg3 69. g7 1-0


[Site "https://www.chess.com"]

[Event "Titled Tuesday Blitz April 19 Early 2022"]
[White "Bas Mas, Jose Joaquin"]
[Black "Khabinets, Ivan"]
[WhiteFideId "22219064"]
[BlackFideId "14115980"]
[WhiteElo "2212"]
[BlackElo "2114"]
[Result "1-0"]
[Round "10"]
[TimeControl "180+1"]
[Date "2022.04.19"]
[WhiteClock "0:00:06"]
[BlackClock "0:00:10"]

1. e4 c5 2. Nc3 Nc6 3. Bb5 Nd4 4. Nf3 e6 5. Bc4 Nf6 6. O-O a6 7. Nxd4 cxd4 8. Ne2 Nxe4 9. d3 Nd6 10. Nxd4 Nxc4 11. dxc4 Be7 12. Be3 O-O 13. Qd2 d6 14. Rad1 Bd7 15. b3 Rc8 16. a4 Qc7 17. a5 Bc6 18. Nxc6 Qxc6 19. Bb6 h6 20. Rfe1 Rfe8 21. h3 Bf8 22. Qd4 d5 23. cxd5 exd5 24. Rxe8 Rxe8 25. Qxd5 Qxc2 26. Rf1 Qe4 27. Rd1 Qc2 28. Be3 Re5 29. Qd8 Qxb3 30. Bf4 Re8 31. Qd7 Re4 32. Bg3 Bc5 33. Kh2 Kf8 34. Qd8+ Re8 35. Qd7 Qe6 36. Qxb7 h5 37. Qd5 Bb4 38. Qxh5 Kg8 39. Rd5 g6 40. Qe5 Qxe5 41. Bxe5 Kf8 42. Bg3 Re2 43. Bd6+ Bxd6+ 44. Rxd6 Rxf2 45. Rxa6 Ra2 46. Ra8+ Kg7 47. a6 Ra3 48. h4 Kf6 49. g3 Kg7 50. Kh3 Ra4 51. Kg2 Kf6 52. Kf3 Kg7 53. a7 Kf6 54. Ke3 Kg7 55. g4 Ra3+ 56. Kd4 Ra4+ 57. Kc3 Ra3+ 58. Kb4 Ra1 59. Kb5 Rb1+ 60. Kc6 Rc1+ 61. Kb6 Rb1+ 62. Kc7 Rc1+ 63. Kd7 Rd1+ 64. Kc6 Rc1+ 65. Kd5 Rd1+ 66. Ke4 Re1+ 67. Kf3 Ra1 68. g5 Ra4 69. Kg3 Ra3+ 70. Kf4 Ra4+ 71. Kg3 Ra3+ 72. Kf4 Ra5 73. Kg3 Ra4 74. Kf3 Kh7 75. Ke3 Ra1 76. Kd3 Rd1+ 77. Kc2 Ra1 78. Kb2 Ra6 79. Kb3 Ra1 80. Kb4 Rb1+ 81. Kc5 Rc1+ 82. Kd6 Kg7 83. Rg8+ Kxg8 84. a8=Q+ Kg7 85. Qa4 Rf1 86. Qd4+ Kh7 87. Ke7 f6 88. gxf6 Kh6 89. Qd2+ Kh5 90. f7 Rxf7+ 91. Kxf7 Kxh4 92. Qh2+ Kg4 93. Qg1+ Kf5 94. Qxg6+ Kf4 95. Qh5 Ke3 96. Ke6 Kf4 97. Qf5+ Kg3 98. Qe4 Kf2 99. Kf5 Kg3 100. Kg5 Kh3 101. Qg4+ Kh2 102. Kf4 Kh1 103. Kf3 Kh2 104. Qg2# 1-0


[Site "https://www.chess.com"]

[Event "Titled Tuesday Blitz April 19 Early 2022"]
[White "Bashirli, Saadat"]
[Black "Manukian, Artak"]
[WhiteFideId "13429990"]
[BlackFideId "13301373"]
[WhiteElo "1173"]
[BlackElo "2301"]
[Result "1-0"]
[Round "10"]
[TimeControl "180+1"]
[Date "2022.04.19"]
[WhiteClock "0:00:05"]
[BlackClock "0:00:01"]

1. d4 Nf6 2. Bg5 c5 3. dxc5 Ne4 4. Bf4 Qa5+ 5. c3 Qxc5 6. e3 Nc6 7. Nf3 d5 8. Nd4 e5 9. Nxc6 exf4 10. Nd4 fxe3 11. fxe3 a6 12. Bd3 Be7 13. O-O O-O 14. Nd2 f5 15. Nxe4 dxe4 16. Bc2 g6 17. Bb3+ Kg7 18. Be6 Qb6 19. Bxc8 Raxc8 20. Qe2 Bf6 21. Rad1 Rfd8 22. Kh1 h5 23. Kg1 Rd6 24. Kh1 Rcd8 25. Qf2 Bxd4 26. exd4 Re6 27. Rfe1 Rf8 28. g3 g5 29. Qe2 Kg6 30. Rf1 Qd6 31. Qe3 f4 32. gxf4 Rxf4 33. Rxf4 Qxf4 34. Qxf4 gxf4 35. d5 Rd6 36. c4 b6 37. b4 Kf5 38. c5 bxc5 39. bxc5 Rd8 40. d6 Ke6 41. Kg2 f3+ 42. Kf2 Kd7 43. Ke3 Re8 44. Rc1 Kc6 45. Rc4 1-0


[Site "https://www.chess.com"]

[Event "Titled Tuesday Blitz April 19 Early 2022"]
[White "Bilych, Olexiy"]
[Black "Oganian, Miran"]
[WhiteFideId "14156504"]
[BlackFideId "4122488"]
[WhiteElo "2176"]
[BlackElo "2357"]
[Result "0-1"]
[Round "10"]
[TimeControl "180+1"]
[Date "2022.04.19"]
[WhiteClock "0:00:10"]
[BlackClock "0:00:54"]

1. e4 e6 2. d4 d5 3. Nc3 Bb4 4. e5 c5 5. a3 Bxc3+ 6. bxc3 Ne7 7. Qg4 Qc7 8. Qxg7 Rg8 9. Qxh7 cxd4 10. Ne2 Nbc6 11. f4 dxc3 12. Qd3 Bd7 13. Qxc3 O-O-O 14. Be3 Kb8 15. Rb1 b6 16. Rg1 Bc8 17. g4 Bb7 18. Nd4 Rc8 19. Bd3 Qd7 20. Qb3 Nxd4 21. Bxd4 Nc6 22. Bf2 d4 23. Qa4 Qd5 24. g5 Qf3 25. Bg3 Rgd8 26. Rf1 Qe3+ 27. Kd1 Na5 28. Qb4 Bf3+ 29. Rxf3 Qxf3+ 30. Ke1 Nc4 31. Rb3 Ne3 32. Bf2 Qd1# 0-1


[Site "https://www.chess.com"]

[Event "Titled Tuesday Blitz April 19 Early 2022"]
[White "Bluebaum, Matthias"]
[Black "Krishna, C R G"]
[WhiteFideId "24651516"]
[BlackFideId "5018625"]
[WhiteElo "2550"]
[BlackElo "2332"]
[Result "0-1"]
[Round "10"]
[TimeControl "180+1"]
[Date "2022.04.19"]
[WhiteClock "0:00:15"]
[BlackClock "0:00:14"]

1. d4 d5 2. c4 c6 3. Nf3 Nf6 4. Nc3 a6 5. Qc2 b5 6. e4 dxc4 7. b3 Bg4 8. bxc4 Bxf3 9. gxf3 Qxd4 10. Be3 Qe5 11. f4 Qc7 12. Bg2 e6 13. cxb5 axb5 14. Nxb5 Qa5+ 15. Nc3 Bb4 16. Bd2 O-O 17. O-O Rd8 18. Rfc1 Nbd7 19. a3 Bxc3 20. Bxc3 Qh5 21. Qd1 Qh4 22. Qf3 Nc5 23. Re1 Nd3 24. Bxf6 Qxf6 25. Red1 Nxf4 26. Bf1 Rxd1 27. Rxd1 h5 28. Kh1 e5 29. Rc1 Qd6 30. Qe3 Rxa3 31. Rxc6 Rxe3 32. Rxd6 Rxe4 33. Kg1 Rd4 34. Ra6 g6 35. Ra5 f6 36. f3 Kg7 37. Ra7+ Kh6 38. Kf2 Rd2+ 39. Kg3 g5 40. Ra6 Kg6 41. h4 gxh4+ 42. Kxh4 Rf2 43. Bb5 Rxf3 44. Be8+ Kg7 45. Bd7 Rd3 46. Bf5 e4 47. Ra7+ Kf8 48. Ra4 Re3 49. Ra8+ Ke7 50. Ra6 Rf3 51. Ra4 e3 52. Re4+ Kd6 53. Bg4 hxg4 54. Kxg4 f5+ 55. Kxf5 Nd5+ 56. Kg4 Rf6 57. Kg3 Re6 58. Rxe6+ Kxe6 59. Kf3 Ke5 60. Ke2 Ke4 61. Ke1 Nf4 62. Kf1 e2+ 63. Ke1 Kf3 64. Kd2 Kf2 65. Kc3 e1=Q+ 66. Kd4 Qe3+ 67. Kc4 Qd3+ 68. Kc5 Qd5+ 69. Kb6 Ke3 70. Ka7 Kd4 71. Kb6 Qc5+ 72. Kb7 Qd6 73. Ka8 Qd7 74. Kb8 Kc5 75. Ka8 Kb6 76. Kb8 Qd8# 0-1


[Site "https://www.chess.com"]

[Event "Titled Tuesday Blitz April 19 Early 2022"]
[White "Bortnyk, Olexandr"]
[Black "Paravyan, David"]
[WhiteFideId "14120828"]
[BlackFideId "4194985"]
[WhiteElo "2723"]
[BlackElo "2569"]
[Result "1-0"]
[Round "10"]
[TimeControl "180+1"]
[Date "2022.04.19"]
[WhiteClock "0:00:03"]
[BlackClock "0:00:02"]

1. d4 Nf6 2. Nc3 d5 3. Bf4 g6 4. Qd2 Bg7 5. Bh6 Bxh6 6. Qxh6 c6 7. f3 b5 8. e3 Nbd7 9. Nh3 b4 10. Na4 Nb6 11. Nc5 Bxh3 12. Qxh3 Nbd7 13. Nd3 Qa5 14. Qh6 c5 15. Be2 Qb6 16. c3 bxc3 17. bxc3 c4 18. Ne5 Nxe5 19. dxe5 Nd7 20. Qg7 O-O-O 21. Kf2 Qe6 22. Qh6 Qxe5 23. Rab1 Kc7 24. Rb5 Rb8 25. Ra5 Rb7 26. e4 Nf6 27. Rd1 Kb8 28. Qe3 Rd8 29. Bxc4 Qc7 30. Rc5 Rb2+ 31. Kg1 Qb6 32. Qd4 Nd7 33. Rxd5 e6 34. Qxb6+ axb6 35. Rxd7 Rc8 36. Ba6 Rxc3 37. Rb7+ Kc8 38. Rxb6+ 1-0


[Site "https://www.chess.com"]

[Event "Titled Tuesday Blitz April 19 Early 2022"]
[White "Buchenau, Frank"]
[Black "Dwilewicz, Katarzyna"]
[WhiteFideId "4604350"]
[BlackFideId "1148486"]
[WhiteElo "2193"]
[BlackElo "1907"]
[Result "1-0"]
[Round "10"]
[TimeControl "180+1"]
[Date "2022.04.19"]
[WhiteClock "0:00:18"]
[BlackClock "0:00:03"]

1. e4 c5 2. Nf3 d6 3. Bb5+ Nd7 4. O-O a6 5. Bd3 Ngf6 6. Re1 e6 7. c3 b5 8. Bc2 c4 9. b4 Bb7 10. a4 Be7 11. d4 cxd3 12. Qxd3 Bc6 13. Nd4 Ne5 14. Qg3 O-O 15. f4 Qb6 16. Be3 Nc4 17. Nf5 exf5 18. Bxb6 Nxb6 19. exf5 Rfe8 20. axb5 axb5 21. Rxa8 Bxa8 22. Na3 Bc6 23. Bd3 Nh5 24. Qf2 Nd5 25. Bxb5 Bxb5 26. Nxb5 Nhxf4 27. Qd4 Kf8 28. c4 Bd8 29. Rxe8+ Kxe8 30. cxd5 Ne2+ 31. Kf1 Nxd4 32. Nxd4 Bb6 33. Nc6 g6 34. f6 h5 35. Ke2 Bg1 36. h3 Kd7 37. b5 Kc7 38. Kf3 Bc5 39. Kf4 Ba3 40. g4 Bc1+ 41. Ke4 hxg4 42. hxg4 Bg5 43. Na5 Bxf6 44. Nc4 Be7 45. Kd3 Kb7 46. Kc3 Kc7 47. b6+ Kb7 48. Kb4 Bd8 49. Kb5 Be7 50. Na5+ Kc8 51. Kc6 1-0


[Site "https://www.chess.com"]

[Event "Titled Tuesday Blitz April 19 Early 2022"]
[White "Chen, Qi b"]
[Black "SsanderSseverino"]
[WhiteFideId "8614733"]
[WhiteElo "2432"]
[BlackElo "2545"]
[Result "1-0"]
[Round "10"]
[TimeControl "180+1"]
[Date "2022.04.19"]
[WhiteClock "0:00:16"]
[BlackClock "0:00:08"]

1. e4 e5 2. Nf3 Nc6 3. Bc4 Nf6 4. Ng5 Nxe4 5. Bxf7+ Ke7 6. d4 h6 7. Nxe4 Kxf7 8. d5 Nd4 9. O-O d6 10. f4 Kg8 11. fxe5 dxe5 12. Nbc3 Bd6 13. Be3 Nf5 14. Qd3 Qe7 15. Rf2 Bd7 16. Nxd6 cxd6 17. Raf1 g6 18. Ne4 Rh7 19. Bd2 Qh4 20. g3 Qh3 21. Nf6+ Kh8 22. Nxh7 Kxh7 23. c4 Re8 24. Qe4 h5 25. Bg5 Rc8 26. b3 Kg8 27. a4 b6 28. Bd2 Re8 29. a5 Kh7 30. axb6 axb6 31. b4 Ra8 32. Be3 Ra3 33. Bxb6 Nxg3 34. Rf7+ Kh6 35. Be3+ Rxe3 36. Qxe3+ 1-0


[Site "https://www.chess.com"]

[Event "Titled Tuesday Blitz April 19 Early 2022"]
[White "Cherniaiev, Tykhon"]
[Black "Matlakov, Maxim"]
[WhiteFideId "14182360"]
[BlackFideId "4168003"]
[WhiteElo "2289"]
[BlackElo "2669"]
[Result "0-1"]
[Round "10"]
[TimeControl "180+1"]
[Date "2022.04.19"]
[WhiteClock "0:01:01"]
[BlackClock "0:00:10"]

1. Nf3 Nf6 2. c4 a6 3. g3 b5 4. cxb5 axb5 5. Bg2 Bb7 6. O-O e6 7. d4 Be7 8. Re1 O-O 9. Nbd2 d5 10. Qc2 Nbd7 11. b3 c5 12. dxc5 Nxc5 13. Bb2 b4 14. Ng5 g6 15. Ndf3 Rc8 16. Qd2 h6 17. Nh3 Ng4 18. Qxb4 h5 19. Qf4 Ne4 20. Ne5 g5 21. Qf3 Bf6 22. Nd3 Nd2 23. Bxf6 Nxf3+ 24. exf3 Nxf6 25. Nxg5 Rc2 26. Ne5 Qb6 27. Rf1 Ba6 28. a4 Bxf1 29. Rxf1 Qd4 30. f4 Ng4 31. Nxg4 hxg4 32. a5 Ra8 33. f5 exf5 34. h3 Rxa5 35. hxg4 fxg4 36. Kh2 Raa2 37. b4 Rxf2 38. Rg1 Rab2 39. b5 Rxb5 40. Re1 Rbb2 41. Kh1 Qh8+ 42. Nh3 Kf8 43. Re3 Rxg2 44. Re8+ Kg7 45. Rg8+ Qxg8 46. Nf4 Rgd2 47. Nh5+ Kf8 48. Nf6 Qh8+ 49. Nh7+ Qxh7+ 50. Kg1 d4 51. Kf1 Re2 52. Kg1 d3 53. Kf1 Qg6 54. Kg1 d2 55. Kf1 Qe6 56. Kg1 Ke7 57. Kf1 Kf6 58. Kg1 Kf5 59. Kf1 Qe7 60. Kg1 Ke4 61. Kf1 Kf3 62. Kg1 Kxg3 63. Kf1 Kf3 64. Kg1 Rf2 65. Kh1 Ke2 66. Kg1 Ke1 67. Kh1 d1=R 68. Kg1 f5 69. Kh1 f4 70. Kg1 g3 71. Kh1 f3 72. Kg1 Rfe2 73. Kh1 Rb8 74. Kg1 Re6 75. Kh1 Rg6 76. Kg1 f2+ 77. Kh1 f1=R+ 78. Kg2 Rff8 79. Kh1 g2+ 80. Kg1 Ke2+ 81. Kh2 g1=R 82. Kh3 Rdd8 83. Kh2 Ra1 84. Kh3 Raa8 85. Kh2 Rgg8 86. Kh3 Qe8 87. Kh2 Kd3 88. Kh3 Kc4 89. Kh2 Kc5 90. Kh3 Kc6 91. Kh2 Kc7 92. Kh3 Kc8 93. Kh2 Ra6 94. Kh3 Rag6 95. Kh2 Rf7 96. Kh3 Rfg7 97. Kh2 Qe5+ 98. Kh3 Qg5 99. Kh2 Rb4 100. Kh3 Rg4 101. Kh2 Rd3 102. Kh1 Rdg3 103. Kh2 Kd7 104. Kh1 Ke7 105. Kh2 Kf7 106. Kh1 Rf8 107. Kh2 Kg8 108. Kh1 Kh7 109. Kh2 Rh8 110. Kh1 Qc1+ 111. Kh2 Qh1+ 112. Kxh1 R4g5 113. Kh2 R3g4 114. Kh1 Kg8# 0-1


[Site "https://www.chess.com"]

[Event "Titled Tuesday Blitz April 19 Early 2022"]
[White "Chigaev, Maksim"]
[Black "Gabrielian, Artur"]
[WhiteFideId "4108116"]
[BlackFideId "4131002"]
[WhiteElo "2478"]
[BlackElo "2440"]
[Result "1-0"]
[Round "10"]
[TimeControl "180+1"]
[Date "2022.04.19"]
[WhiteClock "0:00:23"]
[BlackClock "0:00:05"]

1. d4 Nf6 2. c4 g6 3. Nc3 Bg7 4. e4 d6 5. Nf3 O-O 6. Be2 e5 7. O-O h6 8. Re1 Na6 9. dxe5 dxe5 10. Nxe5 Qxd1 11. Bxd1 Re8 12. Nf3 Nc5 13. Bc2 c6 14. e5 Nfd7 15. h3 g5 16. Be3 b6 17. Ne4 Nxe4 18. Bxe4 Bb7 19. Bd4 Rab8 20. Bf5 Nf8 21. c5 Ne6 22. Bxe6 Rxe6 23. Rad1 Ba6 24. b3 Bf8 25. Rc1 Bd3 26. Be3 Be4 27. cxb6 axb6 28. Nd4 Rxe5 29. Nxc6 Bxc6 30. Rxc6 Bc5 31. Rxh6 Rbe8 32. Kf1 b5 33. Bd2 Rxe1+ 34. Bxe1 Ra8 35. Rc6 Be7 36. Rc2 b4 37. g4 Kg7 38. Bd2 Kg6 39. Be3 f6 40. Kg2 Ra6 41. Bd4 Bf8 42. Re2 Kf7 43. Kf3 Bd6 44. Rc2 Bf8 45. Ke4 Ke6 46. f4 gxf4 47. Kxf4 Kd5 48. Bf2 Bh6+ 49. Kf5 Bg5 50. h4 Bh6 51. Re2 Bf8 52. Rd2+ Kc6 53. Bd4 Ra5+ 54. Kxf6 Rd5 55. Be3 1-0


[Site "https://www.chess.com"]

[Event "Titled Tuesday Blitz April 19 Early 2022"]
[White "Clarke, Brandon G I"]
[Black "Balint, Vilmos"]
[WhiteFideId "400319"]
[BlackFideId "718050"]
[WhiteElo "2414"]
[BlackElo "2059"]
[Result "1-0"]
[Round "10"]
[TimeControl "180+1"]
[Date "2022.04.19"]
[WhiteClock "0:02:07"]
[BlackClock "0:02:08"]

1. e4 e6 2. d4 d5 3. e5 c5 4. c3 Qb6 5. Nf3 Bd7 6. Bd3 cxd4 7. Nxd4 Nc6 8. Nxc6 bxc6 9. O-O c5 10. Nd2 Ne7 11. Re1 Ng6 12. Nf3 Bb5 13. Bc2 Be7 14. g3 O-O 15. h4 Rfd8 16. h5 Nf8 17. h6 g6 18. Bg5 Qc7 19. Qd2 Rab8 20. Qf4 Rb7 21. Nh2 Bxg5 22. Qxg5 Qe7 23. Qf4 Nd7 24. Ng4 Rf8 25. Re3 f5 26. exf6 Nxf6 27. Nxf6+ Rxf6 28. Qe5 Qf8 29. f4 Re7 30. Rae1 Re8 31. Qg5 Rf5 32. Bxf5 exf5 33. Rxe8 Bxe8 34. Qe7 1-0


[Site "https://www.chess.com"]

[Event "Titled Tuesday Blitz April 19 Early 2022"]
[White "Cramling Bellon, Anna"]
[Black "Zemerov, Vladimir"]
[WhiteFideId "32009232"]
[BlackFideId "4111583"]
[WhiteElo "1905"]
[BlackElo "2277"]
[Result "0-1"]
[Round "10"]
[TimeControl "180+1"]
[Date "2022.04.19"]
[WhiteClock "0:00:02"]
[BlackClock "0:01:41"]

1. d4 d6 2. Nf3 g6 3. c4 Bg7 4. e4 Nc6 5. h3 e5 6. Be3 f5 7. d5 f4 8. dxc6 fxe3 9. fxe3 bxc6 10. Be2 Bh6 11. Qd3 Ne7 12. O-O c5 13. Nc3 Be6 14. Nd2 Rf8 15. Nd5 Ng8 16. Qb3 c6 17. Rxf8+ Kxf8 18. Rf1+ Kg7 19. Qb7+ Bd7 20. Nc7 Bxe3+ 21. Kh1 Kh6 22. Nxa8 Bxd2 23. Rf7 Nf6 24. Rxf6 Qxf6 25. Qxd7 Qf2 26. Qg4 Be3 27. h4 Qg1# 0-1


[Site "https://www.chess.com"]

[Event "Titled Tuesday Blitz April 19 Early 2022"]
[White "Csonka, Balazs"]
[Black "Weishaeutel, Moritz"]
[WhiteFideId "742910"]
[BlackFideId "12967300"]
[WhiteElo "2404"]
[BlackElo "2002"]
[Result "1/2-1/2"]
[Round "10"]
[TimeControl "180+1"]
[Date "2022.04.19"]
[WhiteClock "0:00:17"]
[BlackClock "0:00:18"]

1. e4 e5 2. Nf3 Nf6 3. Nxe5 Nc6 4. Nxc6 dxc6 5. d3 Bc5 6. Be2 h5 7. c3 Ng4 8. d4 Qh4 9. g3 Qf6 10. f3 h4 11. fxg4 hxg3 12. Rf1 gxh2 13. Rxf6 gxf6 14. Bf3 h1=Q+ 15. Bxh1 Rxh1+ 16. Kd2 Rxd1+ 17. Kxd1 Bxg4+ 18. Kc2 Bd6 19. Be3 Ke7 20. Nd2 Rh8 21. Rf1 Rh2 22. Rf2 Rh1 23. Nc4 Be6 24. Nxd6 cxd6 25. d5 cxd5 26. exd5 Bxd5 27. Bxa7 Bxa2 28. b3 f5 29. Bd4 Bb1+ 30. Kd2 Be4 31. b4 Ke6 32. Be3 Kd5 33. Bf4 Rb1 34. Ke2 Kc4 35. Kd2 d5 36. Be5 Rb2+ 37. Ke3 Rxf2 38. Kxf2 f4 39. Bf6 b5 40. Bd4 Kd3 41. Bf6 Bf5 42. Bd4 Ke4 43. Bf6 Bg4 44. Bd4 Bd1 45. Bf6 Bb3 46. Bd4 Bc4 47. Bc5 f3 48. Bd4 Be2 49. Bc5 Kd3 50. Bd4 Kc4 51. Bf6 Kb3 52. Bd4 Kc2 53. Be5 Kd3 54. Bd4 f5 55. Be5 Ke4 56. Bd4 f4 57. Bc5 Kf5 58. Bd4 Kg4 59. Bc5 Kh3 60. Bd4 Kg4 61. Bc5 Kf5 62. Bd4 Ke4 63. Bc5 Kd3 64. Bd4 Kc4 65. Be5 Bd1 66. Bd4 Bc2 67. Kg1 Be4 68. Kf2 Kd3 69. Be5 Kd2 70. Bd4 Kc2 71. Kf1 f2 72. Kxf2 f3 73. Kf1 Kd3 74. Kf2 Kc4 75. Be5 Kb3 76. Bd4 Kc2 77. Kf1 Kd1 78. Kf2 Kd2 79. Be5 Kd3 80. Bd4 Kc4 81. Kf1 Bd3+ 82. Kf2 Be2 83. Be5 Kd3 84. Bd4 Ke4 85. Bc5 Kf4 86. Bd4 Kg4 87. Bc5 Kf5 88. Bd4 Ke4 89. Kg1 Bc4 90. Kf2 Be2 1/2-1/2


[Site "https://www.chess.com"]

[Event "Titled Tuesday Blitz April 19 Early 2022"]
[White "Czerw, Dawid"]
[Black "Polster, Christian"]
[WhiteFideId "1145746"]
[BlackFideId "12965081"]
[WhiteElo "2125"]
[BlackElo "2330"]
[Result "1-0"]
[Round "10"]
[TimeControl "180+1"]
[Date "2022.04.19"]
[WhiteClock "0:01:45"]
[BlackClock "0:00:10"]

1. e4 c5 2. Nf3 d6 3. b3 Nf6 4. Nc3 Nc6 5. Bb2 g6 6. Bc4 Bg7 7. Qe2 O-O 8. O-O-O Nd4 9. Nxd4 cxd4 10. Nd5 Nd7 11. h4 e6 12. Nf4 a6 13. h5 b5 14. Bd3 Nc5 15. hxg6 fxg6 16. g3 a5 17. f3 a4 18. Qh2 h5 19. Nxg6 axb3 20. axb3 Ra2 21. Qxh5 Qa5 22. Ne7# 1-0


[Site "https://www.chess.com"]